 Dungeon Crawl Stone Soup version 0.27.1-35-g4d5d836560 (webtiles) character file.

Game seed: 13292771725599441930

131 niki the Chopper (level 4, -4/34 HPs)
             Began as a Demonspawn Gladiator on Mar 7, 2022.
             Slain by Crazy Yiuf (15 damage)
             ... on level 3 of the Dungeon.
             The game lasted 00:02:26 (2689 turns).

niki the Chopper (Demonspawn Gladiator)             Turns: 2689, Time: 00:02:27

Health: -4/34      AC:  4    Str: 15    XL:     4   Next: 91%
Magic:  4/4        EV: 12    Int:  9    God:
Gold:   79         SH:  0    Dex: 15    Spells: 3/3 levels left

rFire    . . .     SeeInvis +   a - +0 war axe
rCold    . . .     Faith    .   (no shield)
rNeg     + . .     Spirit   .   b - +0 leather armour
rPois    .         Reflect  .   c - +0 helmet
rElec    .         Harm     .   (no cloak)
rCorr    .         Rampage  .   (no gloves)
Will     .....                  (no boots)
Stlth    +.........             k - amulet of the acrobat
HPRegen  0.11/turn              i - ring of positive energy
MPRegen  0.09/turn              l - ring of see invisible

@: lethally poisoned (-4 -> -23), very slightly contaminated, invisible
A: powered by death 1
a: no special abilities


You were on level 3 of the Dungeon.
You visited 1 branch of the dungeon, and saw 3 of its levels.

You collected 79 gold pieces.

Inventory:

Hand Weapons
 a - a +0 war axe (weapon)
Missiles
 d - 3 throwing nets (quivered)
Armour
 b - a +0 leather armour (worn)
 c - a +0 helmet (worn)
Jewellery
 i - a ring of positive energy (left hand)
 k - an amulet of the acrobat (around neck)
 l - a ring of see invisible (right hand)
Scrolls
 f - a scroll of identify {unknown}
 g - a scroll of amnesia {unknown}
Potions
 e - 2 potions of curing {unknown}
 j - a potion of lignification {unknown}
 m - 2 potions of degeneration {unknown}


   Skills:
 + Level 2.4 Fighting
 + Level 4.1 Axes
 + Level 1.8 Throwing
 + Level 1.5 Armour
 + Level 3.2 Dodging
 + Level 0.2 Stealth


You had 3 spell levels left.
You didn't know any spells.
Your spell library was empty.

Dungeon Overview and Level Annotations

Branches:
Dungeon (3/15)

Altars:

Annotations:
D:3 Crazy Yiuf


Innate Abilities, Weirdness & Mutations

You regenerate a little health from kills.


Message History

Crazy Yiuf shouts!
Could not explore, unopened runed door.
You open the door. You hit Crazy Yiuf but do no damage.
Crazy Yiuf cries, "Ghoul mumblescurry forty-two!"
Crazy Yiuf hits you with a +4 quarterstaff of chaos.
You fade into invisibility!
You are very lightly contaminated with residual magic.
Crazy Yiuf hits you with a +4 quarterstaff of chaos!
Crazy Yiuf burns you.
You barely miss Crazy Yiuf.
Crazy Yiuf hits you with a +4 quarterstaff of chaos!
Crazy Yiuf burns you.
* * * LOW HITPOINT WARNING * * *
You closely miss Crazy Yiuf. Crazy Yiuf barely misses you.
You hit Crazy Yiuf.
Crazy Yiuf is moderately wounded.
Crazy Yiuf closely misses you.
Unknown command.
You strike the helpless Crazy Yiuf from behind!
You slash Crazy Yiuf!
Crazy Yiuf is severely wounded.
Crazy Yiuf says, "Trifle!
East seventy foot."
You barely miss Crazy Yiuf.
Crazy Yiuf is severely wounded.
Crazy Yiuf grits, "Powder!"
Crazy Yiuf drinks a potion.
Crazy Yiuf is healed!
You hit Crazy Yiuf.
Crazy Yiuf is lightly wounded.
There is an open translucent door, spattered with blood here.
Crazy Yiuf misses you.
You hit Crazy Yiuf but do no damage.
Crazy Yiuf is lightly wounded.
Crazy Yiuf hits you with a +4 quarterstaff of chaos!
* * * LOW HITPOINT WARNING * * *
You are lethally poisoned!
You feel much better.
You feel very sick.
Crazy Yiuf hits you with a +4 quarterstaff of chaos!
You die...

#....#########..######..#...
#.##..........#.##..........
#.###########...........##..
#.## ##########..##.. #..##
#..##.# ##<.## #..##.# ##..#
##### ♣♣##...... ##.#
#)g.#♣♣ ♣♣.+...##.# #.##
#..@'.♣♣♣♣.P....##.# #..#
#...#♣..♣.PP...###.. ##.#
#####♣♣♣.♣.P'......# #.#
♣♣♣♣♣##.....# ### #...###
### ##..... #.# ##.#.# #.#
#.#.# #.# ######..>.


You could see Crazy Yiuf.

Vanquished Creatures
  Terence (D:3)
  An orc wizard (D:3)
  2 adders (D:2)
  An ufetubus (D:2)
  A dart slug (D:3)
  2 orcs (D:3)
  3 ball pythons (D:1)
  3 endoplasms
  5 giant cockroaches
  7 goblins
  8 hobgoblins
  4 bats
  2 frilled lizards
  6 kobolds
  3 rats
49 creatures vanquished.

Notes
Turn   | Place    | Note
-------+----------+-------------------------------------------
     0 | D:1      | niki the Demonspawn Gladiator began the quest for the Orb.
     0 | D:1      | Reached XP level 1. HP: 16/16 MP: 1/1
   194 | D:1      | Reached skill level 3 in Axes
   269 | D:1      | Gained mutation: You regenerate a little health from kills.
                  | [demonic ancestry]
   269 | D:1      | Reached XP level 2. HP: 22/22 MP: 2/2
   930 | D:2      | Reached XP level 3. HP: 24/27 MP: 3/3
  1256 | D:2      | Reached skill level 1 in Armour
  1635 | D:3      | Reached XP level 4. HP: 29/33 MP: 4/4
  1852 | D:3      | Found a faded altar of an unknown god.
  1906 | D:3      | Noticed Terence
  1920 | D:3      | Killed Terence
  1921 | D:3      | Reached skill level 4 in Axes
  2451 | D:3      | Found a runed translucent door.
  2452 | D:3      | Noticed Crazy Yiuf
  2688 | D:3      | HP: 1/34 [Crazy Yiuf (10)]
  2689 | D:3      | Slain by Crazy Yiuf

Illustrated notes

Levels and vault maps discovered:
D:1:      kennysheep_arrival_forest, layout_loops_ring
D:2:      layout_basic, hangedman_abyss_or_decor_lesser_grid, st_stairs_8
D:3:      layout_rooms, dreamdust_ecumenical_altar_angels_and_demons,
          fountainhead, uniq_crazy_yiuf_cottage, uniq_terence

Skill      XL: |  1  2  3  4 |
---------------+-------------+-----
Axes           | 3 4 |  4.1
Dodging        | 3 |  3.2
Armour         | 1 |  1.5
Fighting       | |  2.4
Throwing       | |  1.8
Stealth        | |  0.2

Action                   |  1- 3 |  4- 6 || total
-------------------------+-------+-------++-------
Melee: War axe           |    91 |    36 ||   127
  Use: Potion            |       |     1 ||     1
 Stab: Invisible         |       |     1 ||     1
Armor: Leather armour    |    52 |     5 ||    57
Dodge: Dodged            |   113 |    28 ||   141
